 Dungeon Crawl Stone Soup version 0.19-a0-1007-g133f65f (webtiles) character file.

161 mistymad the Skirmisher (level 5, 0/47 HPs)
             Began as a Ghoul Monk on July 21, 2016.
             Slain by a hobgoblin
             ... wielding a +0 club
             ... led by Robin
              (2 damage)
             ... on level 3 of the Dungeon.
             The game lasted 00:07:28 (2301 turns).

mistymad the Skirmisher (Ghoul Monk)                Turns: 2301, Time: 00:07:30

Health: 0/47       AC:  8    Str: 16    XL:     5   Next: 42%
Magic:  4/4        EV: 11    Int:  5    God:
Gold:   83         SH:  0    Dex: 11    Spells: 0 memorised, 4 levels left

rFire  . . .     SeeInvis +     a - +0 falchion
rCold  + . .     Gourm    .     m - +0 scale mail
rNeg   + + +     Faith    .     (no shield)
rPois  ∞         Spirit   .     (no helmet)
rElec  .         Dismiss  .     (no cloak)
rCorr  .         Reflect  .     r - +1 pair of gloves
SustAt .         Harm     .     (no boots)
MR     .....                    (no amulet)
Stlth  ..........               (no ring)
                                y - ring of see invisible

@: rotting, not resistant to hostile enchantments, extremely unstealthy
A: rotting body, claws 1, carnivore 3, cold resistance 1, negative energy
resistance 3, slow regeneration 1, torment resistance, unbreathing
a: no special abilities


You were on level 3 of the Dungeon.
You were not hungry.

You visited 1 branch of the dungeon, and saw 4 of its levels.

You collected 83 gold pieces.

Inventory:

Hand Weapons
 a - a +0 falchion (weapon)
Armour
 m - a +0 scale mail (worn)
 r - a +1 pair of gloves (worn)
Jewellery
 y - a ring of see invisible (left hand)
Scrolls
 d - a scroll of magic mapping
 e - a scroll of teleportation
 o - a scroll of remove curse
 u - a scroll of amnesia
 v - a scroll of recharging
Potions
 b - a potion of lignification {unknown}
 g - a potion of degeneration {unknown}
 i - a potion of berserk rage {unknown}
 l - a potion of curing {unknown}
 q - a potion of cancellation {unknown}
 s - a potion of brilliance {unknown}
 w - a potion of might {unknown}
 x - 3 potions of agility {unknown}
Comestibles
 c - 2 meat rations
 f - a chunk of flesh
 k - a royal jelly
 t - a slice of pizza


   Skills:
 + Level 4.3 Fighting
 + Level 3.5 Long Blades
 + Level 1.3 Armour
 + Level 3.8 Dodging
 - Level 2.1 Stealth


You had 4 spell levels left.
You didn't know any spells.

Dungeon Overview and Level Annotations

Branches:
Dungeon (4/15)
 Temple: D:4-7

Altars:
Cheibriados
Gozag


Innate Abilities, Weirdness & Mutations

Your body is rotting away.
You thrive on raw meat.
You are immune to poison.
You have sharp fingernails.
You are carnivorous and can eat meat at any time.
Your flesh is cold resistant. (rC+)
You are immune to negative energy. (rN+++)
You regenerate slowly when monsters are visible.
You are immune to unholy pain and torment.
You can survive without breathing.


Message History

The worker ant is heavily wounded.
The worker ant bites you.
* * * LOW HITPOINT WARNING * * *
The hobgoblin hits you but does no damage.
You take 1 damage, and have 9/47 hp.
Unknown command.
You hit the worker ant but do no damage.
The worker ant is heavily wounded.
The worker ant misses you.
You riposte.
You hit the worker ant.
The worker ant is heavily wounded.
The hobgoblin hits you but does no damage.
Unknown command.
You barely miss the worker ant.
The worker ant is heavily wounded.
The worker ant bites you.
* * * LOW HITPOINT WARNING * * *
The worker ant bites you.
* * * LOW HITPOINT WARNING * * *
The hobgoblin hits you with a club.
You die...

## #......#........########... ##
##.......(.........# ##...
.#####................#.#####.^..
.................................
#####......>............######...
###..............)...............
....##................#.......###
.#####................##......#
## ##........a@....###......#
##.....##..g.<## ########
##############


You could see a worker ant and a hobgoblin.

Vanquished Creatures
  Robin (D:4)
  5 adders
  2 oozes (D:3)
  4 worms
  2 dart slugs
  2 orcs (D:3)
  2 ball pythons
  9 bats
  2 giant cockroaches
  13 goblins
  6 hobgoblins
  6 jackals (D:2)
  A quokka (D:3)
  3 giant newts (D:2)
  12 kobolds
  7 rats
77 creatures vanquished.

Notes
Turn   | Place    | Note
-------+----------+-------------------------------------------
     0 | D:1      | mistymad the Ghoul Monk began the quest for the Orb.
     0 | D:1      | Reached XP level 1. HP: 19/19 MP: 0/0
   440 | D:1      | You fall through a shaft!
   451 | D:2      | Found a faded altar of an unknown god.
   469 | D:2      | Reached XP level 2. HP: 10/26 MP: 1/1
  1209 | D:2      | Reached XP level 3. HP: 32/33 MP: 2/2
  1406 | D:2      | Found an opulent altar of Gozag.
  1500 | D:2      | Reached XP level 4. HP: 34/40 MP: 3/3
  1545 | D:3      | Reached skill level 4 in Fighting
  1643 | D:3      | Reached skill level 1 in Armour
  1805 | D:3      | Found a snail-covered altar of Cheibriados.
  1990 | D:3      | Reached XP level 5. HP: 15/46 MP: 4/4
  2251 | D:4      | Noticed Robin
  2279 | D:4      | Killed Robin
  2301 | D:3      | HP: 2/47 [worker ant (4)]
  2301 | D:3      | Slain by a hobgoblin

Vault maps used:
D:1:      elethiomel_arrival_shortcut
D:2:      marbit_many_paths, ecumenical_altar_1, minmay_misc_feat_rows
D:3:      kennysheep_slug_shrine
D:4:      uniq_robin

Skill      XL: |  1  2  3  4 |
---------------+-------------+-----
Long Blades    | 3 |  3.5
Dodging        | 3 |  3.8
Fighting       | 4 |  4.3
Armour         | 1 |  1.3
Stealth        | |  2.1

Action                   |  1- 3 |  4- 6 || total
-------------------------+-------+-------++-------
Melee: Falchion          |   168 |   211 ||   379
  Use: Scroll            |       |     8 ||     8
 Stab: Sleeping          |     1 |       ||     1
  Eat: Chunk             |    12 |    18 ||    30
Armor: Robe              |     3 |       ||     3
       Scale mail        |    44 |   120 ||   164
Dodge: Dodged            |    84 |   147 ||   231
